 Dungeon Crawl Stone Soup version 0.22.1-1-ga44c0e5 (webtiles) character file.

989 MTVSty1e the Chopper (level 8, -1/52 HPs)
             Began as a Gargoyle Fighter on Oct 25, 2018.
             Was a Follower of Okawaru.
             Killed by divine providence
             ... invoked by an orc priest
              (13 damage)
             ... on level 6 of the Dungeon.
             The game lasted 00:06:10 (4390 turns).

MTVSty1e the Chopper (Gargoyle Fighter)             Turns: 4390, Time: 00:06:12

Health: -1/52      AC: 20    Str: 22    XL:     8   Next: 18%
Magic:  8/8        EV:  4    Int:  9    God:    Okawaru [*.....]
Gold:   317        SH:  9    Dex:  9    Spells: 7/7 levels left

rFire    + . .     SeeInvis .   a - +1 war axe
rCold    x . .     Gourm    .   c - +0 shield
rNeg     + . .     Faith    .   o - +0 plate armour
rPois    ∞         Spirit   .   t - +0 helmet
rElec    +         Reflect  .   v - +0 cloak
rCorr    .         Harm     .   n - +0 pair of gloves
MR       .....                  (no boots)
Stlth    ..........             (no amulet)
HPRegen  0.17/turn              w - ring of fire
MPRegen  0.11/turn              (no ring)

@: no status effects
A: negative energy resistance 1, electricity resistance, unbreathing,
petrification resistance, rot immunity, AC +5
a: Heroism, Renounce Religion


You were on level 6 of the Dungeon.
You worshipped Okawaru.
Okawaru was aware of your devotion.
You were not hungry.

You visited 2 branches of the dungeon, and saw 7 of its levels.

You collected 317 gold pieces.

Inventory:

Hand Weapons
 a - a +1 war axe (weapon)
Armour
 c - a +0 shield (worn)
 n - a +0 pair of gloves (worn)
 o - a +0 plate armour (worn)
 t - a +0 helmet (worn)
 v - a +0 cloak (worn)
Jewellery
 w - a ring of fire (left hand)
Scrolls
 l - 3 scrolls of enchant weapon
 m - a scroll of blinking {unknown}
 p - 8 scrolls of identify {unknown}
 q - 2 scrolls of remove curse
Potions
 b - 2 potions of curing {unknown}
 d - a potion of might
 e - a potion of flight {unknown}
 g - a potion of brilliance {unknown}
 h - 2 potions of mutation {unknown}
 k - a potion of magic {unknown}
 r - 2 potions of agility {unknown}
 s - a potion of cancellation {unknown}
 u - 2 potions of heal wounds {unknown}
 z - a potion of berserk rage {unknown}
Comestibles
 f - 7 rations


   Skills:
 + Level 6.6 Fighting
 * Level 7.1 Axes
 - Level 3.2 Armour
 - Level 3.2 Shields


You had 7 spell levels left.
You didn't know any spells.
Your spell library was empty.

Dungeon Overview and Level Annotations

Branches:
Dungeon (6/15)             Temple (1/1) D:4

Altars:
Ashenzari
Fedhas
Gozag
Hepliaklqana
Kikubaaqudgha
Makhleb
Okawaru
Qazlal
Sif Muna
Uskayaw
Vehumet
Wu Jian
Zin
The Shining One

Annotations:
D:5 2 transporters, Eyesburn's ghost, novice BaWn


Innate Abilities, Weirdness & Mutations

You are resistant to torment.
Your stone body is resilient. (AC +5)
You are immune to poison.
You resist negative energy. (rN+)
You are resistant to electric shocks. (rElec)
You can survive without breathing.
You are immune to petrification.
You are immune to rotting.


Message History

The orc warrior barely misses you.
The orc priest hits you but does no damage.
The orc priest calls upon Beogh to heal the orc warrior.
The orc warrior is healed somewhat.
The orc warrior hits you with a short sword.
You hit the orc warrior but do no damage.
The orc warrior is heavily wounded.
You hit the orc priest. You slash the orc priest!
You kill the orc priest!
Okawaru accepts your kill. You block the orc priest's attack.
The orc warrior hits you with a short sword.
* * * LOW HITPOINT WARNING * * *
Okay, then.
You hit the orc warrior but do no damage.
The orc warrior is heavily wounded.
You hit the orc priest.
The orc priest calls down the wrath of Beogh upon you.
Beogh smites you!
You die...

#...#.#
..[#.#
#..#.#
#..#.#
#.####.#.#
#........###
######.....#
####.....#
#..)@....#
#..oo)>.##
#.......#
#.......#
#.......#
#.......#
#......>#
######+##


You could see an orc warrior and an orc priest.

Vanquished Creatures
  A phantom (D:4)
  A centaur (D:6)
  2 ogres (D:5)
  2 scorpions (D:4)
  A howler monkey (D:4)
  A crimson imp (D:5)
  An orc priest (D:6)
  2 hounds
  A centaur skeleton (D:4)
  2 orc wizards
  2 worker ants
  A hound skeleton (D:5)
  A worker ant zombie (D:4)
  Robin (D:4)
  11 adders
  3 worms (D:2)
  6 dart slugs
  3 leopard geckos
  16 orcs
  2 ball pythons (D:2)
  9 giant cockroaches
  16 goblins
  10 hobgoblins
  4 jackals (D:3)
  A quokka (D:5)
  A ball python skeleton (D:4)
  A ball python zombie (D:2)
  2 bats
  5 frilled lizards
  4 kobolds
  A leopard gecko skeleton (D:4)
  6 rats
  A fungus (D:4)
121 creatures vanquished.

Notes
Turn   | Place    | Note
-------+----------+-------------------------------------------
     0 | D:1      | MTVSty1e the Gargoyle Fighter began the quest for the Orb.
     0 | D:1      | Reached XP level 1. HP: 14/14 MP: 1/1
    14 | D:1      | Reached skill level 2 in Axes
   118 | D:1      | Reached XP level 2. HP: 19/19 MP: 2/2
   382 | D:1      | Reached XP level 3. HP: 24/24 MP: 3/3
   898 | D:2      | Found a shattered altar of Ashenzari.
   912 | D:2      | Reached skill level 3 in Axes
  1371 | D:2      | Reached XP level 4. HP: 29/29 MP: 4/4
  1549 | D:2      | Found an ornate altar of the Wu Jian Council.
  1911 | D:3      | Reached XP level 5. HP: 33/34 MP: 5/5
  2010 | D:3      | Reached skill level 4 in Axes
  2062 | D:3      | Found a deep blue altar of Sif Muna.
  2248 | D:3      | Found an ancient bone altar of Kikubaaqudgha.
  2260 | D:3      | Found a blossoming altar of Fedhas.
  2500 | D:4      | Noticed Robin
  2516 | D:4      | Killed Robin
  2516 | D:4      | Reached XP level 6. HP: 29/40 MP: 6/6
  2592 | D:4      | Reached skill level 5 in Fighting
  2600 | D:4      | Reached skill level 5 in Axes
  2814 | D:4      | Noticed a phantom
  2848 | D:4      | Killed a phantom
  2848 | D:4      | Reached XP level 7. HP: 38/44 MP: 7/7
  2890 | D:4      | Found a staircase to the Ecumenical Temple.
  2899 | Temple   | Entered the Ecumenical Temple
  2913 | Temple   | Became a worshipper of Warmaster Okawaru
  3034 | D:4      | Found a hide-covered altar of Uskayaw.
  3279 | D:5      | Entered Level 5 of the Dungeon
  3292 | D:5      | Reached skill level 6 in Axes
  3713 | D:5      | Reached * piety under Okawaru
  3718 | D:5      | Found a transporter.
  3732 | D:5      | Noticed Eyesburn's ghost (novice BaWn)
  3754 | D:5      | Found a transporter.
  4136 | D:5      | Found a glowing golden altar of the Shining One.
  4313 | D:6      | Reached XP level 8. HP: 48/52 MP: 8/8
  4377 | D:6      | Reached skill level 7 in Axes
  4390 | D:6      | Killed from afar by an orc priest

Skill      XL: |  1  2  3  4  5  6  7  8 |
---------------+-------------------------+-----
Axes           | 2 3 4 5 6 7 |  7.1
Fighting       | 4 5 6 |  6.6
Armour         | |  3.2
Shields        | |  3.2

Action                   |  1- 3 |  4- 6 |  7- 9 || total
-------------------------+-------+-------+-------++-------
Melee: War axe           |   130 |   262 |   126 ||   518
  Use: Scroll            |       |       |     5 ||     5
       Potion            |       |       |     1 ||     1
  Eat: Chunk             |     1 |     2 |       ||     3
       Ration            |       |     1 |     2 ||     3
Armor: Scale mail        |    34 |       |       ||    34
       Plate armour      |    31 |   248 |    82 ||   361
Dodge: Dodged            |    27 |    45 |    28 ||   100
Block: Shield            |    41 |   147 |    51 ||   239
